[Event "Czech Open-E Teams 2022"]
[Site "Pardubice"]
[Date "2022.07.17"]
[Round "6.15"]
[White "Vedral, Oldrich"]
[Black "Galicek, Stanislav"]
[Result "1/2-1/2"]
[ECO "B90"]
[WhiteElo "2268"]
[BlackElo "2071"]
[Annotator "ChessBase"]
[PlyCount "123"]
[EventDate "2022.07.14"]
[EventType "team-tourn"]
[EventCountry "CZE"]
[SourceTitle "playchess.com"]
[Source "ChessBase"]
[SourceQuality "1"]
[TimeControl "5400+30"]

1. e4 c5 2. Nf3 d6 3. d4 cxd4 4. Nxd4 Nf6 5. Nc3 a6 6. Be3 e6 7. f4 Be7 8. Qf3 Nbd7 9. O-O-O Qc7 10. g4 h6 11. h4 h5 12. g5 Ng4 13. g6 Ndf6 14. gxf7+ Kxf7 15. f5 e5 16. Ne6 Bxe6 17. fxe6+ Kxe6 18. Nd5 Qc6 19. Bg5 Rac8 20. Qb3 Kd7 21. Bxf6 gxf6 22. Nb6+ Kc7 23. Nxc8 Rxc8 24. Rh3 Qxe4 25. Rc3+ Kb8 26. Rxc8+ Kxc8 27. Qe6+ Kd8 28. Bd3 Qc6 29. Qg8+ Qe8 30. Qb3 Qd7 31. Bc4 f5 32. Be6 Qb5 33. Qc3 Qc6 34. Qe1 Qc5 35. Rd3 Qf2 36. Qc3 Qg1+ 37. Rd1 Qe3+ 38. Qxe3 Nxe3 39. Rh1 f4 40. Bf7 Nf5 41. Bxh5 Ng3 42. Bf3 Nxh1 43. Bxh1 Bxh4 44. Bxb7 a5 45. Kd2 Kc7 46. Bf3 Kb6 47. Kd3 Kc5 48. c4 Bf2 49. a3 Bd4 50. b3 Bb2 51. b4+ axb4 52. axb4+ Kxb4 53. Ba8 Kc5 54. Bb7 Bd4 55. Ba8 Kb6 56. Bd5 Kc7 57. Ke4 Kd7 58. Ba8 Ke7 59. Bd5 Kf6 60. Ba8 Kg5 61. Kf3 Bc5 62. Ke4 1/2-1/2

[Event "Czech Open-E Teams 2022"]
[Site "Pardubice"]
[Date "2022.07.17"]
[Round "6.16"]
[White "Postl, Petr"]
[Black "Cuhra, Martin"]
[Result "1-0"]
[ECO "B23"]
[WhiteElo "1900"]
[BlackElo "2225"]
[Annotator "ChessBase"]
[PlyCount "55"]
[EventDate "2022.07.14"]
[EventType "team-tourn"]
[EventCountry "CZE"]
[SourceTitle "playchess.com"]
[Source "ChessBase"]
[SourceQuality "1"]
[TimeControl "5400+30"]

1. e4 c5 2. Nc3 Nc6 3. f4 g6 4. Nf3 Bg7 5. d3 d6 6. Be3 Nd4 7. Be2 e6 8. Qd2 Ne7 9. O-O-O d5 10. Bg1 Nxf3 11. Bxf3 d4 12. Ne2 b5 13. g4 Rb8 14. h4 Bb7 15. h5 f5 16. Rf1 O-O 17. Ng3 c4 18. hxg6 hxg6 19. gxf5 exf5 20. Qh2 Rf6 21. exf5 Bxf3 22. Qh7+ Kf8 23. Rxf3 Nxf5 24. Nxf5 gxf5 25. Rg3 Rf7 26. c3 dxc3 27. Bc5+ Ke8 28. Rxg7 1-0

[Event "Czech Open-E Teams 2022"]
[Site "Pardubice"]
[Date "2022.07.17"]
[Round "6.17"]
[White "Bouska, Jiri"]
[Black "Vojta, Jakub"]
[Result "1/2-1/2"]
[ECO "C01"]
[WhiteElo "2157"]
[BlackElo "2326"]
[Annotator "ChessBase"]
[PlyCount "89"]
[EventDate "2022.07.14"]
[EventType "team-tourn"]
[EventCountry "CZE"]
[SourceTitle "playchess.com"]
[Source "ChessBase"]
[SourceQuality "1"]
[TimeControl "5400+30"]

1. e4 e6 2. d4 d5 3. exd5 exd5 4. Nf3 Bd6 5. Bd3 Ne7 6. Bg5 f6 7. Bh4 Nf5 8. Bg3 O-O 9. Nc3 Bb4 10. O-O Nxg3 11. hxg3 Bg4 12. Qd2 Qd6 13. Nh2 Be6 14. Qe2 Bf7 15. Qg4 Bxc3 16. bxc3 Nd7 17. Nf3 g6 18. Nh4 Kh8 19. Kh2 Rg8 20. Rh1 f5 21. Qh3 Nf6 22. Kg1 Rae8 23. Nf3 Rg7 24. Qh4 Bg8 25. Ne5 Rxe5 26. dxe5 Qxe5 27. Qd4 Re7 28. Qxe5 Rxe5 29. f3 Kg7 30. Kf2 Nd7 31. Rab1 Nc5 32. Rhe1 Rxe1 33. Rxe1 Be6 34. Ke3 Kf6 35. c4 Nxd3 36. cxd3 dxc4 37. dxc4 Bxc4 38. Kd4 Be6 39. Rc1 c6 40. Kc5 Bxa2 41. Ra1 Bd5 42. Rxa7 b5 43. Rxh7 g5 44. Rb7 g4 45. f4 1/2-1/2

[Event "Czech Open-E Teams 2022"]
[Site "Pardubice"]
[Date "2022.07.17"]
[Round "6.18"]
[White "Virostko, Petr"]
[Black "Mojzis, Jaroslav"]
[Result "1/2-1/2"]
[ECO "C86"]
[WhiteElo "2326"]
[BlackElo "2108"]
[Annotator "ChessBase"]
[PlyCount "225"]
[EventDate "2022.07.14"]
[EventType "team-tourn"]
[EventCountry "CZE"]
[SourceTitle "playchess.com"]
[Source "ChessBase"]
[SourceQuality "1"]
[TimeControl "5400+30"]

1. e4 e5 2. Nf3 Nc6 3. Bb5 a6 4. Ba4 Nf6 5. O-O Be7 6. Qe2 b5 7. Bb3 O-O 8. c3 d5 9. d3 d4 10. Bg5 Qd6 11. Rd1 h6 12. Bh4 g5 13. Bg3 Nh5 14. cxd4 Nxg3 15. hxg3 Nxd4 16. Nxd4 Qxd4 17. Nc3 c6 18. Rac1 Kg7 19. Qh5 Bc5 20. Ne2 Qd6 21. g4 a5 22. Rd2 a4 23. Bd1 a3 24. bxa3 Bxa3 25. Rb1 Bb4 26. Rdb2 c5 27. Bb3 Qd7 28. Bd5 Ra3 29. d4 Qxg4 30. Qxg4 Bxg4 31. dxc5 Bxc5 32. Rxb5 Ba7 33. R1b2 Re8 34. Rb7 Be6 35. Rc2 Bxd5 36. exd5 Bd4 37. d6 Rd8 38. d7 Kf6 39. Rd2 Ke7 40. Nxd4 exd4 41. Rxd4 Rxa2 42. Re4+ Kd6 43. Rb6+ Kxd7 44. Rxh6 Re8 45. Rd4+ Ke7 46. f3 Rg8 47. Rb4 Ra7 48. Kh2 Kf8 49. Rh7 Ra8 50. Rb7 Rg7 51. Rh6 Kg8 52. Rf6 Ra4 53. Rb8+ Kh7 54. Rf8 Rf4 55. Ra6 Rg6 56. Raa8 Kg7 57. Kg3 Rb4 58. Rg8+ Kf6 59. Ra6+ Kf5 60. Ra5+ Kf6 61. Rc8 Kg7 62. Rcc5 Kf6 63. Rf5+ Kg7 64. Ra7 Rf6 65. Rxg5+ Kh6 66. Rc5 Rb2 67. Kh3 Kg6 68. Rc3 Kg7 69. g4 Rb4 70. Ra8 Rd4 71. Kg3 Rb4 72. Rcc8 Rd6 73. Rg8+ Kf6 74. Ra7 Rdb6 75. g5+ Ke6 76. f4 Rb7 77. Raa8 Kf5 78. Ra5+ R4b5 79. Rxb5+ Rxb5 80. Rg7 Rb3+ 81. Kh4 Ke6 82. Kg4 Rb4 83. Rg8 Ke7 84. Ra8 Rc4 85. Kf3 Rc3+ 86. Ke4 Rc4+ 87. Ke5 Rc5+ 88. Kd4 Rb5 89. Ke4 Rb4+ 90. Kf5 Rb5+ 91. Kg4 Rb4 92. Ra6 Kf8 93. Kf3 Rb3+ 94. Ke4 Rb4+ 95. Ke5 Kg7 96. f5 Rb5+ 97. Kf4 Rb4+ 98. Kf3 Rc4 99. Ra7 Kg8 100. Re7 Rb4 101. f6 Ra4 102. Re4 Ra1 103. Kf4 Kh7 104. Kf5 Rf1+ 105. Rf4 Ra1 106. Rh4+ Kg8 107. Rd4 Rf1+ 108. Ke5 Kh7 109. Kd6 Re1 110. Kd7 Kg6 111. Rd5 Re2 112. Kd8 Re1 113. Kd7 1/2-1/2

[Event "Czech Open-E Teams 2022"]
[Site "Pardubice"]
[Date "2022.07.17"]
[Round "6.19"]
[White "Lihotsky, Lukas"]
[Black "Nytra, Ondrej"]
[Result "0-1"]
[ECO "D31"]
[WhiteElo "1935"]
[BlackElo "2214"]
[Annotator "ChessBase"]
[PlyCount "72"]
[EventDate "2022.07.14"]
[EventType "team-tourn"]
[EventCountry "CZE"]
[SourceTitle "playchess.com"]
[Source "ChessBase"]
[SourceQuality "1"]
[TimeControl "5400+30"]

1. d4 d5 2. c4 e6 3. Nc3 c6 4. e4 dxe4 5. Nxe4 Bb4+ 6. Bd2 Qxd4 7. Bxb4 Qxe4+ 8. Be2 Na6 9. Ba5 b6 10. Qd6 Bd7 11. Bc3 f6 12. O-O-O O-O-O 13. Qa3 Kb7 14. Bf3 Qf4+ 15. Rd2 Nh6 16. Ne2 Qc7 17. Nd4 Nf5 18. Nb5 Qf4 19. c5 Bc8 20. Nd6+ Nxd6 21. cxd6 Nc5 22. Bd4 Rxd6 23. g3 Qxd2+ 24. Kxd2 Rxd4+ 25. Kc1 Rd3 26. Qb4 Rhd8 27. Qg4 f5 28. Qh5 g6 29. Qxh7+ R8d7 30. Qxg6 Rxf3 31. Rd1 Rxf2 32. Rxd7+ Bxd7 33. h4 Nd3+ 34. Kb1 Rxb2+ 35. Ka1 Rh2 36. h5 Rh1# 0-1

[Event "Czech Open-E Teams 2022"]
[Site "Pardubice"]
[Date "2022.07.17"]
[Round "6.20"]
[White "Jasny, Stanislav"]
[Black "Stocek, Martin"]
[Result "1/2-1/2"]
[ECO "A80"]
[WhiteElo "2261"]
[BlackElo "1851"]
[Annotator "ChessBase"]
[PlyCount "53"]
[EventDate "2022.07.14"]
[EventType "team-tourn"]
[EventCountry "CZE"]
[SourceTitle "playchess.com"]
[Source "ChessBase"]
[SourceQuality "1"]
[TimeControl "5400+30"]

1. d4 f5 2. Nf3 Nf6 3. b3 e6 4. e3 d5 5. Bd3 Bd6 6. c4 c6 7. O-O O-O 8. Ba3 Ne4 9. Bxd6 Nxd6 10. Nc3 Bd7 11. Ne5 Nf7 12. Nxf7 Rxf7 13. f4 Be8 14. c5 Nd7 15. b4 Nf6 16. Rb1 h6 17. b5 b6 18. cxb6 Qxb6 19. Na4 Qa5 20. bxc6 Bxc6 21. Nc5 Qxa2 22. Qc1 Qa5 23. Ra1 Qb4 24. Qc2 Bb5 25. Nxe6 Bxd3 26. Qxd3 Ne4 27. Qa6 1/2-1/2

[Event "Czech Open-E Teams 2022"]
[Site "Pardubice"]
[Date "2022.07.17"]
[Round "6.21"]
[White "Cukrowski, Filip"]
[Black "Buchcar, Tomas"]
[Result "1/2-1/2"]
[ECO "A40"]
[WhiteElo "2378"]
[BlackElo "2207"]
[Annotator "ChessBase"]
[PlyCount "80"]
[EventDate "2022.07.14"]
[EventType "team-tourn"]
[EventCountry "CZE"]
[SourceTitle "playchess.com"]
[Source "ChessBase"]
[SourceQuality "1"]
[TimeControl "5400+30"]

1. d4 c6 2. g3 Nf6 3. c4 d5 4. Bg2 Bf5 5. Nc3 e6 6. Nf3 Nbd7 7. O-O dxc4 8. Re1 Bb4 9. a3 Bxc3 10. bxc3 O-O 11. Nd2 Qa5 12. Bb2 Nb6 13. e4 Bg6 14. a4 Rfe8 15. Qe2 Nfd7 16. Nxc4 Nxc4 17. Qxc4 f6 18. Qb4 Qc7 19. Ba3 c5 20. dxc5 Ne5 21. Reb1 Rab8 22. f4 Nc6 23. Qc4 Bf7 24. Qe2 e5 25. f5 Red8 26. Rd1 Na5 27. Rd5 b6 28. cxb6 axb6 29. Rxd8+ Rxd8 30. Rd1 Bb3 31. Rxd8+ Qxd8 32. Bb4 Qd1+ 33. Qxd1 Bxd1 34. Kf2 Bxa4 35. Bf1 Bb3 36. Bb5 Kf7 37. Ke3 Bc4 38. Bd7 Nb3 39. Bc6 b5 40. Bd7 Nc1 1/2-1/2

[Event "Czech Open-E Teams 2022"]
[Site "Pardubice"]
[Date "2022.07.17"]
[Round "6.22"]
[White "Bach, Markus"]
[Black "Butkiewicz, Lukasz"]
[Result "0-1"]
[ECO "E18"]
[WhiteElo "2192"]
[BlackElo "2370"]
[Annotator "ChessBase"]
[PlyCount "86"]
[EventDate "2022.07.14"]
[EventType "team-tourn"]
[EventCountry "CZE"]
[SourceTitle "playchess.com"]
[Source "ChessBase"]
[SourceQuality "1"]
[TimeControl "5400+30"]

1. d4 Nf6 2. Nf3 b6 3. g3 Bb7 4. Bg2 e6 5. O-O Be7 6. c4 O-O 7. Nc3 d6 8. Qc2 c5 9. dxc5 bxc5 10. b3 Nc6 11. Bb2 a6 12. Rac1 Qc7 13. Rfd1 Rfd8 14. Na4 e5 15. Ne1 Rac8 16. e3 Nb4 17. Qb1 Bxg2 18. Kxg2 Qb7+ 19. Kg1 g6 20. Nc3 h5 21. Nd5 Nbxd5 22. cxd5 h4 23. Rc4 hxg3 24. hxg3 Bf8 25. Qd3 Bg7 26. Ra4 Ra8 27. e4 Nd7 28. Bc3 Nb6 29. Ra3 Rdc8 30. Ba5 Nd7 31. Ra4 Qb5 32. Qc4 Bh6 33. Nc2 Nf6 34. Na3 Qd7 35. Kg2 Kg7 36. Qd3 Rh8 37. Qf3 Bg5 38. Kf1 Ng4 39. Ke2 Rh2 40. Rf1 f5 41. Be1 Nf6 42. exf5 gxf5 43. Rh1 e4 0-1

[Event "Czech Open-E Teams 2022"]
[Site "Pardubice"]
[Date "2022.07.17"]
[Round "6.23"]
[White "Mondrzycki, Bartlomiej"]
[Black "Zimmermann, Rene"]
[Result "1-0"]
[ECO "D02"]
[WhiteElo "2180"]
[BlackElo "2201"]
[Annotator "ChessBase"]
[PlyCount "65"]
[EventDate "2022.07.14"]
[EventType "team-tourn"]
[EventCountry "CZE"]
[SourceTitle "playchess.com"]
[Source "ChessBase"]
[SourceQuality "1"]
[TimeControl "5400+30"]

1. d4 d5 2. Nf3 c6 3. c4 e6 4. g3 f5 5. Bg2 Nf6 6. O-O Bd6 7. Bf4 O-O 8. Nbd2 b6 9. Bxd6 Qxd6 10. Ne5 Nbd7 11. Ndf3 Bb7 12. Qa4 Rfc8 13. cxd5 exd5 14. Rac1 a5 15. Rfd1 Rc7 16. Qc2 g6 17. Qd2 Ne4 18. Qh6 Ndf6 19. Qf4 Rf8 20. Nd3 Qd8 21. Nfe5 Qc8 22. f3 Nh5 23. Qh4 Nd6 24. Bh3 Ba6 25. g4 fxg4 26. Bxg4 Nf5 27. Qg5 Bxd3 28. Rxd3 Nhg7 29. e4 Ne6 30. Qd2 Nd6 31. exd5 cxd5 32. Bxe6+ Qxe6 33. Rxc7 1-0

[Event "Czech Open-E Teams 2022"]
[Site "Pardubice"]
[Date "2022.07.17"]
[Round "6.24"]
[White "Bach, Ulf-Gunter"]
[Black "Daniel, Damian"]
[Result "0-1"]
[ECO "A80"]
[WhiteElo "2014"]
[BlackElo "2172"]
[Annotator "ChessBase"]
[PlyCount "74"]
[EventDate "2022.07.14"]
[EventType "team-tourn"]
[EventCountry "CZE"]
[SourceTitle "playchess.com"]
[Source "ChessBase"]
[SourceQuality "1"]
[TimeControl "5400+30"]

1. d4 f5 2. Nc3 Nf6 3. Bg5 e6 4. g4 Be7 5. gxf5 exf5 6. Bg2 d6 7. Qd3 Nc6 8. O-O-O Bd7 9. h4 h6 10. Be3 Ng4 11. Nf3 O-O 12. Nd5 Nxe3 13. fxe3 Bf6 14. Nf4 Qe8 15. Nd2 Kh8 16. Rdg1 Ne7 17. e4 Qf7 18. Kb1 Rad8 19. e3 c6 20. Bf3 fxe4 21. Bxe4 d5 22. Bg6 Qg8 23. Nf3 Be8 24. Ng5 Bxg6 25. Qxg6 Bxd4 26. Qd3 Rxf4 27. exd4 Rf6 28. b3 Rdf8 29. Qg3 g6 30. Qc7 Nf5 31. Nf3 Qg7 32. Qh2 Re6 33. c3 c5 34. Ne5 cxd4 35. cxd4 Nxd4 36. Nd3 Nf3 37. Qh3 Re3 0-1

[Event "Czech Open-E Teams 2022"]
[Site "Pardubice"]
[Date "2022.07.17"]
[Round "6.25"]
[White "Cech, Pavel"]
[Black "Dolensky, Filip"]
[Result "1-0"]
[ECO "D01"]
[WhiteElo "2358"]
[BlackElo "2051"]
[Annotator "ChessBase"]
[PlyCount "55"]
[EventDate "2022.07.14"]
[EventType "team-tourn"]
[EventCountry "CZE"]
[SourceTitle "playchess.com"]
[Source "ChessBase"]
[SourceQuality "1"]
[TimeControl "5400+30"]

1. d4 Nf6 2. Bg5 d5 3. Nc3 c6 4. e3 h6 5. Bh4 e6 6. Nf3 Be7 7. Ne5 Nbd7 8. f4 Nxe5 9. fxe5 Nd7 10. Bxe7 Qxe7 11. Bd3 O-O 12. Qh5 f5 13. g4 Qg5 14. Qxg5 hxg5 15. gxf5 exf5 16. Kd2 g6 17. Rag1 Kf7 18. Rxg5 Rg8 19. h4 Rh8 20. h5 Rxh5 21. Rhxh5 gxh5 22. Rxf5+ Ke7 23. Rxh5 Nf8 24. Ne2 Bg4 25. Rg5 Be6 26. Rg7+ Bf7 27. Nf4 Rd8 28. Bf5 1-0

[Event "Czech Open-E Teams 2022"]
[Site "Pardubice"]
[Date "2022.07.17"]
[Round "6.26"]
[White "Hurtik, Matej"]
[Black "Sodoma, Jan"]
[Result "0-1"]
[ECO "C50"]
[WhiteElo "2018"]
[BlackElo "2312"]
[Annotator "ChessBase"]
[PlyCount "78"]
[EventDate "2022.07.14"]
[EventType "team-tourn"]
[EventCountry "CZE"]
[SourceTitle "playchess.com"]
[Source "ChessBase"]
[SourceQuality "1"]
[TimeControl "5400+30"]

1. e4 e5 2. Nf3 Nc6 3. Bc4 Nf6 4. d3 Bc5 5. O-O a6 6. a4 h6 7. c3 Ba7 8. Be3 O-O 9. Re1 d6 10. Nbd2 Ne7 11. h3 Ng6 12. d4 exd4 13. cxd4 d5 14. Bb3 dxe4 15. Ne5 Ne7 16. Nb1 c6 17. Qd2 Nf5 18. Nc3 Bxd4 19. Rad1 c5 20. g4 Nh4 21. Bxd4 cxd4 22. Qxd4 Qe7 23. Kh1 Be6 24. Bxe6 Qxe6 25. Nxe4 Rfe8 26. Nd6 Rad8 27. f4 Re7 28. Qc5 Qb3 29. Qc3 Qxa4 30. Rd4 Qa2 31. Ndxf7 Rxd4 32. Qxd4 Qxf7 33. Qf2 Qd5+ 34. Kg1 Rxe5 35. fxe5 Nf3+ 36. Kf1 Ne4 37. Rxe4 Nd2+ 38. Ke1 Nxe4 39. Qf5 Qd2+ 0-1

[Event "Czech Open-E Teams 2022"]
[Site "Pardubice"]
[Date "2022.07.17"]
[Round "6.27"]
[White "Vitak, Jiri"]
[Black "Hofman, Krystof"]
[Result "1-0"]
[ECO "E63"]
[WhiteElo "2223"]
[BlackElo "1972"]
[Annotator "ChessBase"]
[PlyCount "101"]
[EventDate "2022.07.14"]
[EventType "team-tourn"]
[EventCountry "CZE"]
[SourceTitle "playchess.com"]
[Source "ChessBase"]
[SourceQuality "1"]
[TimeControl "5400+30"]

1. d4 Nf6 2. Nf3 g6 3. g3 Bg7 4. Bg2 O-O 5. O-O d6 6. c4 a6 7. Nc3 Nc6 8. b3 e5 9. Bb2 Nd7 10. dxe5 Ncxe5 11. Nxe5 Nxe5 12. Qd2 Rb8 13. f4 Nd7 14. e4 b6 15. Nd5 Bb7 16. Rae1 Re8 17. Bxg7 Kxg7 18. Qd4+ f6 19. Bh3 Nc5 20. e5 Bxd5 21. cxd5 dxe5 22. fxe5 f5 23. Bg2 Qg5 24. b4 Nd7 25. e6+ Nf6 26. Rc1 Re7 27. Rc3 Rd8 28. Qe5 Kg8 29. Rxc7 Ng4 30. Qc3 Rxc7 31. Qxc7 Qe3+ 32. Kh1 Rf8 33. Qf4 Qe2 34. Qf3 Qd2 35. h3 Ne3 36. Rf2 Qd4 37. Re2 f4 38. gxf4 Nxg2 39. Qxg2 Qxf4 40. e7 Re8 41. Qe4 Qc1+ 42. Kh2 Qc7+ 43. Kg2 Qc1 44. Qe6+ Kg7 45. Qe5+ Kg8 46. d6 h5 47. Rf2 Qc4 48. Qf4 Qc6+ 49. Kh2 Kh7 50. Qf7+ Kh6 51. Qf8+ 1-0

[Event "Czech Open-E Teams 2022"]
[Site "Pardubice"]
[Date "2022.07.17"]
[Round "6.28"]
[White "Dolensky, Milan"]
[Black "Sykora, Marek"]
[Result "1-0"]
[ECO "C50"]
[WhiteElo "2073"]
[BlackElo "2240"]
[Annotator "ChessBase"]
[PlyCount "117"]
[EventDate "2022.07.14"]
[EventType "team-tourn"]
[EventCountry "CZE"]
[SourceTitle "playchess.com"]
[Source "ChessBase"]
[SourceQuality "1"]
[TimeControl "5400+30"]

1. e4 e5 2. Nf3 Nc6 3. Bc4 Bc5 4. d3 d6 5. c3 Nf6 6. Nbd2 O-O 7. a4 a6 8. Bb3 Be6 9. Bc2 d5 10. Qe2 dxe4 11. dxe4 Nd7 12. O-O f6 13. Nc4 b5 14. Ne3 b4 15. Nd5 bxc3 16. bxc3 Na5 17. Rd1 c6 18. Ne3 Nb3 19. Rb1 Nxc1 20. Rbxc1 Qe8 21. Rb1 a5 22. Bb3 Nb6 23. Qa2 Bxb3 24. Rxb3 Qf7 25. Nf5 Rfd8 26. Rdb1 Kf8 27. Qc2 Rab8 28. g3 Qc4 29. Kg2 g6 30. Ne3 Qa6 31. Ng4 Ke7 32. Qc1 Nd7 33. Rxb8 Rxb8 34. Rxb8 Nxb8 35. Qh6 Qc4 36. Nxf6 Kxf6 37. Qg5+ Kg7 38. Qxe5+ Kh6 39. Qxb8 Qxe4 40. Qe5 Qd5 41. h4 Bd6 42. Qxd5 cxd5 43. Nd4 Kg7 44. f4 Kf6 45. Kf3 h5 46. Nb3 Bc7 47. Nd4 Bb6 48. Nc2 Ke6 49. g4 Bd8 50. Nd4+ Kd6 51. g5 Bb6 52. f5 gxf5 53. Kf4 Ke7 54. Kxf5 Kf7 55. g6+ Kg7 56. Kg5 Bd8+ 57. Kxh5 Bf6 58. Nf5+ Kf8 59. Ne3 1-0

[Event "Czech Open-E Teams 2022"]
[Site "Pardubice"]
[Date "2022.07.17"]
[Round "6.29"]
[White "Petr, Martin"]
[Black "Zvolensky, David"]
[Result "0-1"]
[ECO "A05"]
[WhiteElo "2500"]
[BlackElo "2196"]
[Annotator "ChessBase"]
[PlyCount "78"]
[EventDate "2022.07.14"]
[EventType "team-tourn"]
[EventCountry "CZE"]
[SourceTitle "playchess.com"]
[Source "ChessBase"]
[SourceQuality "1"]
[TimeControl "5400+30"]

1. Nf3 Nf6 2. g3 d5 3. Bg2 e6 4. O-O Be7 5. d3 O-O 6. Bf4 c5 7. e4 dxe4 8. dxe4 b5 9. Nbd2 Bb7 10. Qe2 Qb6 11. c4 a6 12. e5 Nfd7 13. Ne4 Nc6 14. Rad1 Rfd8 15. Nd6 Bxd6 16. Rxd6 Nf8 17. Rfd1 Rxd6 18. Rxd6 Rd8 19. cxb5 Rxd6 20. exd6 axb5 21. Be3 Nd7 22. Ng5 Nd8 23. Bxb7 Qxb7 24. Bxc5 h6 25. Ne4 f5 26. Nc3 Nxc5 27. Nxb5 Qd5 28. Qc2 Nf7 29. a4 Ng5 30. h4 Nf3+ 31. Kf1 Ne4 32. Ke2 Nxd6 33. Ke3 Nxb5 34. axb5 Nd4 35. Qc8+ Kf7 36. Qc7+ Kf6 37. Qc3 e5 38. f4 Qf3+ 39. Kd2 Qxc3+ 0-1

[Event "Czech Open-E Teams 2022"]
[Site "Pardubice"]
[Date "2022.07.17"]
[Round "6.30"]
[White "Pychova, Nela"]
[Black "Neuman, Petr"]
[Result "1/2-1/2"]
[ECO "A15"]
[WhiteElo "2075"]
[BlackElo "2378"]
[Annotator "ChessBase"]
[PlyCount "78"]
[EventDate "2022.07.14"]
[EventType "team-tourn"]
[EventCountry "CZE"]
[SourceTitle "playchess.com"]
[Source "ChessBase"]
[SourceQuality "1"]
[TimeControl "5400+30"]

1. c4 Nf6 2. Nf3 g6 3. g3 Bg7 4. Bg2 O-O 5. O-O d6 6. Nc3 c6 7. Rb1 e5 8. d3 h6 9. b4 Be6 10. b5 Nbd7 11. bxc6 bxc6 12. Qa4 Qc7 13. Ba3 Rfc8 14. Rfc1 Ne8 15. Nd2 a5 16. Nd5 Qd8 17. Nc3 Nb6 18. Qc2 Nd7 19. Qa4 Ra6 20. Qc2 f5 21. Na4 h5 22. Rb7 h4 23. Rcb1 hxg3 24. hxg3 Bf8 25. Qb2 Bh6 26. Nf1 Rc7 27. Rxc7 Qxc7 28. Qb7 Qxb7 29. Rxb7 d5 30. Ne3 Nef6 31. cxd5 cxd5 32. Nxd5 Nxd5 33. Bxd5 Bxd5 34. Rxd7 Bxa2 35. Rd8+ Kf7 36. Rd7+ Kg8 37. Rd8+ Kf7 38. Rd7+ Kg8 39. Rd8+ Kf7 1/2-1/2

[Event "Czech Open-E Teams 2022"]
[Site "Pardubice"]
[Date "2022.07.17"]
[Round "6.31"]
[White "Wasserbauer, Radek"]
[Black "Dudek, Vojtech"]
[Result "0-1"]
[ECO "B30"]
[WhiteElo "2164"]
[BlackElo "2006"]
[Annotator "ChessBase"]
[PlyCount "40"]
[EventDate "2022.07.14"]
[EventType "team-tourn"]
[EventCountry "CZE"]
[SourceTitle "playchess.com"]
[Source "ChessBase"]
[SourceQuality "1"]
[TimeControl "5400+30"]

1. e4 c5 2. Nf3 Nc6 3. Bb5 e6 4. Bxc6 bxc6 5. O-O Ne7 6. e5 Ng6 7. b3 Be7 8. c3 f6 9. d4 cxd4 10. cxd4 c5 11. Bb2 cxd4 12. Bxd4 O-O 13. Nc3 Bb7 14. exf6 Bxf6 15. Bxf6 Qxf6 16. Nd4 Nh4 17. f3 Qg5 18. Rf2 e5 19. Nde2 Nxf3+ 20. Kh1 Nxh2 0-1

[Event "Czech Open-E Teams 2022"]
[Site "Pardubice"]
[Date "2022.07.17"]
[Round "6.32"]
[White "Vlkova, Anezka"]
[Black "Cozl, David"]
[Result "1-0"]
[ECO "B10"]
[WhiteElo "1954"]
[BlackElo "1947"]
[Annotator "TA"]
[PlyCount "59"]
[EventDate "2022.07.14"]
[EventType "team-tourn"]
[EventCountry "CZE"]
[SourceTitle "playchess.com"]
[Source "ChessBase"]
[SourceQuality "1"]
[TimeControl "5400+30"]

1. e4 c6 2. Nc3 d5 3. Nf3 dxe4 4. Nxe4 Nf6 5. Qe2 Bg4 6. d3 {[%emt 0:07:59] B11: Caro-Kann: Two Knights Variation.} Bxf3 7. Qxf3 {[%emt 0:03:45] [#]} Nbd7 $146 ({Predecessor:} 7... Nxe4 8. Qxe4 Qd5 9. Qh4 Nd7 10. Be2 e6 11. O-O Be7 12. Qg3 Bf6 13. c3 h5 {1-0 (47) Zelbel,P (2448)-Bazeev,G (2398) Chess.com INT 2020}) 8. Bg5 {[%emt 0:03:21] White is slightly better.} e6 9. Qg3 Nxe4 10. dxe4 Qa5+ 11. c3 (11. Bd2 $5 Qa4 12. Bd3 $11) 11... h6 (11... Bd6 $5 12. Qe3 f6 $11) 12. Be3 Nf6 13. f3 Nh5 14. Qf2 Be7 15. Be2 O-O 16. f4 ({White should play} 16. g4 $14 Nf6 17. h4) 16... Nf6 $11 17. Qf3 Qa4 (17... e5 $142) 18. Bd4 Nd7 19. O-O c5 (19... Bc5 $11) 20. Bf2 $14 Nf6 (20... c4 $14) 21. e5 $16 Nd5 (21... Ne4 $16) 22. c4 $18 Nb4 23. Qxb7 Rfe8 24. a3 Rab8 25. Qe4 (25. axb4 Qxa1 26. Rxa1 Rxb7 $14) 25... Qc2 26. Qf3 Nc6 27. Bd3 ({But not} 27. Qxc6 $6 Qxe2 28. b3 Qb2 $14) (27. Rae1 $18 Nd4 28. Bxd4 cxd4 29. b4) 27... Qa4 (27... Qb3 $16) 28. b4 {[%emt 0:00:46] [#] Qe4 is the strong threat.} Red8 29. Qe4 {[%emt 0:01:22] White wants to mate with Qh7+.} ({Not} 29. Bxc5 Bxc5+ 30. bxc5 Nd4 $14) ({Weaker is} 29. bxc5 g6 $16) 29... g6 $2 (29... Rxd3 30. Qxd3 cxb4 31. axb4 Nxb4) 30. Bc2 {Weighted Error Value: White=0.22 (precise) /Black=0.42} 1-0

[Event "Czech Open-E Teams 2022"]
[Site "Pardubice"]
[Date "2022.07.17"]
[Round "6.33"]
[White "Kacirek, Petr"]
[Black "Plat, Vojtech"]
[Result "0-1"]
[ECO "A01"]
[WhiteElo "2245"]
[BlackElo "2554"]
[Annotator "ChessBase"]
[PlyCount "67"]
[EventDate "2022.07.14"]
[EventType "team-tourn"]
[EventCountry "CZE"]
[SourceTitle "playchess.com"]
[Source "ChessBase"]
[SourceQuality "1"]
[TimeControl "5400+30"]

1. b3 e5 2. Bb2 d6 3. g3 Nf6 4. Bg2 Be7 5. d3 c6 6. Nd2 a5 7. a4 Be6 8. e3 Na6 9. Ne2 Nb4 10. h3 h5 11. d4 Qc7 12. Qb1 c5 13. c3 Nc6 14. c4 cxd4 15. exd4 Bd7 16. Nf3 g6 17. O-O Bf5 18. Qd1 O-O 19. Nh4 Bd7 20. f4 Nh7 21. d5 Nb4 22. Nc3 Rae8 23. f5 Bxh4 24. gxh4 Qd8 25. f6 Nxf6 26. Bc1 Nh7 27. Bh6 f5 28. Bxf8 Nxf8 29. Nb5 e4 30. Rc1 Bxb5 31. cxb5 Nd3 32. Rc3 Nd7 33. Qc2 N7c5 34. Qd1 0-1

[Event "Czech Open-E Teams 2022"]
[Site "Pardubice"]
[Date "2022.07.17"]
[Round "6.34"]
[White "Eret, Matous"]
[Black "Horak, Jan"]
[Result "1/2-1/2"]
[ECO "A08"]
[WhiteElo "2273"]
[BlackElo "2163"]
[Annotator "ChessBase"]
[PlyCount "26"]
[EventDate "2022.07.14"]
[EventType "team-tourn"]
[EventCountry "CZE"]
[SourceTitle "playchess.com"]
[Source "ChessBase"]
[SourceQuality "1"]
[TimeControl "5400+30"]

1. e4 e6 2. d3 d5 3. Nd2 Nf6 4. Ngf3 Be7 5. g3 c5 6. Bg2 Nc6 7. O-O O-O 8. Re1 b5 9. h4 Bb7 10. e5 Nd7 11. Nf1 Qc7 12. Bf4 Rfc8 13. N1h2 Qd8 1/2-1/2

[Event "Czech Open-E Teams 2022"]
[Site "Pardubice"]
[Date "2022.07.17"]
[Round "6.35"]
[White "Volak, Simon"]
[Black "Eret, Jonas"]
[Result "1/2-1/2"]
[ECO "C41"]
[WhiteElo "2082"]
[BlackElo "2219"]
[Annotator "ChessBase"]
[PlyCount "67"]
[EventDate "2022.07.14"]
[EventType "team-tourn"]
[EventCountry "CZE"]
[SourceTitle "playchess.com"]
[Source "ChessBase"]
[SourceQuality "1"]
[TimeControl "5400+30"]

1. e4 d6 2. d4 Nf6 3. Nc3 e5 4. Nf3 Nbd7 5. Bc4 Be7 6. a4 a5 7. Ng5 O-O 8. Bxf7+ Rxf7 9. Ne6 Qe8 10. Nxc7 Qd8 11. Nxa8 b6 12. Nb5 Nxe4 13. O-O Bb7 14. Nac7 Nf8 15. c4 exd4 16. Nd5 Bh4 17. f4 Ne6 18. Nxd4 N6c5 19. Be3 Bf6 20. Qc2 Bxd5 21. cxd5 Bxd4 22. Bxd4 Qh4 23. Bxc5 Nxc5 24. Qc4 Re7 25. Qb5 Qf6 26. Rad1 h6 27. Kh1 Re4 28. Qxb6 Rxa4 29. Rde1 Kh7 30. Qc7 Ra2 31. Rb1 Ra4 32. Qb6 Ra2 33. Qb5 Qd4 34. Qe2 1/2-1/2